 Dungeon Crawl Stone Soup version 0.27.1-3-gb3d3a73c9e (webtiles) character file.

Game seed: 9402657479098011260

163412 belegose the Bringer of Law (level 17, -1/144 HPs)
             Began as a Palentonga Fighter on Oct 9, 2021.
             Was the Champion of Zin.
             Slain by an emperor scorpion (16 damage)
             ... on level 4 of the Spider Nest.
             The game lasted 02:04:19 (35139 turns).

belegose the Bringer of Law (Palentonga Fighter)   Turns: 35139, Time: 02:04:20

Health: -1/144     AC: 29    Str: 26      XL:     17   Next: 23%
Magic:  26/26      EV: 13    Int: 12 (13) God:    Zin [******]
Gold:   2056       SH: 13    Dex: 14      Spells: 16/16 levels left

rFire    . . .     SeeInvis +   a - +6 broad axe of Abomination {flame, rElec rC+ Dex+4}
rCold    + . .     Faith    .   G - +0 kite shield of Mysticism {Int+4}
rNeg     . . .     Spirit   .   v - +4 chain mail {rPois}
rPois    +         Reflect  .   m - +1 helmet {SInv}
rElec    +         Harm     .   D - +1 cloak of Qottece {+Blink rCorr}
rCorr    +         Rampage  .   I - +2 pair of gloves
Will     ++...                  (no barding)
Stlth    ..........             E - amulet of regeneration
HPRegen  1.34/turn              e - ring of willpower
MPRegen  0.20/turn              Q - +4 ring of evasion

@: lethally poisoned (-1 -> -18), curled up
A: large, rugged brown scales 3, see invisible, deformed body, roll 1, armoured
tail, reflexive curl
a: Rolling Charge, Renounce Religion, Evoke Blink, Recite, Vitalisation,
Imprison, Sanctuary, Donate Gold


You were on level 4 of the Spider Nest.
You worshipped Zin.
Zin was exalted by your worship.
You visited 6 branches of the dungeon, and saw 29 of its levels.
You also visited: Bailey, Gauntlet and Ice Cave.

You collected 2942 gold pieces.
You spent 697 gold pieces at shops.
You donated 189 gold pieces to Zin.

Inventory:

Hand Weapons
 a - the +6 broad axe of Abomination (weapon) {flame, rElec rC+ Dex+4}
   (You acquired it on level 11 of the Dungeon)

   It burns those it strikes, dealing additional fire damage.
   Big, fiery blades are also staple armaments of hydra-hunters.
   Dex:       It affects your dexterity (+4).
   rC:        It protects you from cold.
   rElec:     It insulates you from electricity.
Missiles
 g - 24 poisoned darts (quivered)
 H - 5 curare-tipped darts
 N - 43 boomerangs
 V - 10 javelins
Armour
 m - a +1 helmet of see invisible (worn)
 v - a +4 chain mail of poison resistance (worn)
 D - the +1 cloak of Qottece (worn) {+Blink rCorr}
   (You found it on level 2 of the Spider Nest)

   +Blink:    It lets you blink.
   rCorr:     It protects you from acid and corrosion.
 G - the +0 kite shield of Mysticism (worn) {Int+4}
   (You found it on level 9 of the Dungeon)

   Int:       It affects your intelligence (+4).
 I - a +2 pair of gloves (worn)
 J - a +2 crystal plate armour of cold resistance
 K - a +2 plate armour of fire resistance
 S - a +2 chain mail of willpower
Jewellery
 e - a ring of willpower (left hand)
 n - a ring of flight
 A - an amulet of the acrobat
 E - an amulet of regeneration (around neck)
 Q - a +4 ring of evasion (right hand)
 U - a ring of protection from cold
 Z - an amulet of guardian spirit
Wands
 q - a wand of charming (16)
 u - a wand of acid (16)
 x - a wand of paralysis (12)
 C - a wand of iceblast (9)
 F - a wand of digging (14)
 W - a wand of flame (70)
Scrolls
 b - a scroll of holy word
 f - 5 scrolls of enchant armour
 h - 5 scrolls of identify
 k - 7 scrolls of magic mapping
 o - 9 scrolls of amnesia
 p - 14 scrolls of teleportation
 s - 7 scrolls of blinking
 w - 3 scrolls of enchant weapon
 y - 5 scrolls of fog
 L - 4 scrolls of brand weapon
 R - a scroll of summoning
 Y - a scroll of fear
Potions
 d - 2 potions of might
 i - 9 potions of curing
 j - 3 potions of cancellation
 l - 3 potions of resistance
 r - 3 potions of attraction
 t - 10 potions of heal wounds
 z - a potion of brilliance
 B - 3 potions of invisibility
 M - 9 potions of ambrosia
 O - 4 potions of berserk rage
 P - 2 potions of flight
 T - 3 potions of haste
 X - 2 potions of mutation
Miscellaneous
 c - a lightning rod (4/4)


   Skills:
 + Level 12.7 Fighting
 + Level 12.4 Axes
 + Level 9.6 Throwing
 + Level 9.2 Armour
 - Level 6.0 Dodging
 + Level 10.9 Shields
 + Level 12.9 Invocations
 + Level 10.3 Evocations


You had 16 spell levels left.
You didn't know any spells.
Your spell library contained the following spells:

 Spells                   Type           Power      Damage    Failure   Level
 Animate Skeleton         Necr           0%         N/A       85%         1
 Apportation              Tloc           0%         N/A       85%         1
 Magic Dart               Conj           0%         1d3       85%         1
 Pain                     Necr           0%         1d4       85%         1
 Sandblast                Erth           0%         2d4       85%         1
 Shock                    Conj/Air       0%         1d3       85%         1
 Call Imp                 Summ           0%         N/A       94%         2
 Passwall                 Tmut/Erth      0%         N/A       94%         2
 Searing Ray              Conj           0%         3d3       94%         2
 Static Discharge         Conj/Air       0%         N/A       94%         2
 Ignite Poison            Fire/Tmut/Pois 0%         N/A       99%         3
 Mephitic Cloud           Conj/Pois/Air  0%         N/A       99%         3
 Swiftness                Air            0%         N/A       99%         3
 Vampiric Draining        Necr           0%         2d6       99%         3
 Airstrike                Air            0%         N/A       100%        4
 Dispel Undead            Necr           0%         3d6       100%        4
 Fulminant Prism          Conj/Hex       0%         3d6       100%        4
 Iskenderun's Mystic Bla  Conj/Tloc      0%         2d3       100%        4
 Sticky Flame             Conj/Fire      0%         2d3       100%        4
 Alistair's Intoxication  Tmut/Pois      0%         N/A       100%        5
 Bolt of Magma            Conj/Fire/Erth 0%         4d4       100%        5
 Lee's Rapid Deconstruct  Erth           0%         3d5*      100%        5
 Invisibility             Hex            0%         N/A       100%        6


Dungeon Overview and Level Annotations

Branches:
Dungeon (15/15)            Temple (1/1) D:6            Lair (6/6) D:11
  Swamp (0/4) Lair:3       Spider (4/4) Lair:3        Slime (1/5) Lair:5
    Orc (2/2) D:9             Elf (0/3) Orc:2        Vaults (0/5) D:13
 Depths (0/5) D:15         Bailey (visited)           IceCv (visited)
Gauntlet (visited)

Altars:
Ashenzari
Cheibriados
Dithmenos
Elyvilon
Gozag
Hepliaklqana
Kikubaaqudgha
Makhleb
Okawaru
Ru
Sif Muna
Uskayaw
Vehumet
Zin
The Shining One

Shops:
D:6 [   D:9 [(   Orc:1 *[   Orc:2 :(?!(

Portals:
Pandemonium: Orc:2
Trove: D:11 (give 14 scrolls of teleportation)

Annotations:
D:14 2 transporters, Ponit's ghost, journeyman DECj
Lair:1 3 runed translucent doors, exclusion: 3 doors, pentaflop's ghost, journeyman SpEn; scisormetimb3rs's ghost, journeyman GrFi
Spider:1 3 runed translucent doors, exclusion: 3 doors, bnorton916's ghost, journeyman DECj
Spider:3 exclusion: 2 oklob plants, Roxanne


Innate Abilities, Weirdness & Mutations

You are completely covered in rugged brown scales. (AC +3, +7% HP)
You have supernaturally acute eyesight. (SInv)
Armour fits poorly on your strangely shaped body.
You can roll at nearby foes to attack.
You have a long armoured tail.
You curl defensively after being hit.


Message History

You feel extremely sick. The emperor scorpion barely misses you.
The emperor scorpion claws you.
You block the emperor scorpion's attack.
Unknown command.
You hit the emperor scorpion but do no damage.
The emperor scorpion is severely wounded.
You feel extremely sick. The emperor scorpion barely misses you.
The emperor scorpion closely misses you.
The emperor scorpion claws you but does no damage.
Unknown command.
You slice the emperor scorpion!! You burn the emperor scorpion.
The emperor scorpion is almost dead.
You feel very sick. The emperor scorpion stings you.
You are more poisoned.
The emperor scorpion poisons you!
You block the emperor scorpion's attack. x2
Unknown command.
You closely miss the emperor scorpion.
The emperor scorpion is almost dead.
* * * LOW HITPOINT WARNING * * *
You feel extremely sick. The emperor scorpion stings you.
* * * LOW HITPOINT WARNING * * *
The emperor scorpion claws you but does no damage.
The emperor scorpion claws you.
* * * LOW HITPOINT WARNING * * *
You closely miss the emperor scorpion.
The emperor scorpion is almost dead.
* * * LOW HITPOINT WARNING * * *
You feel extremely sick.
The emperor scorpion stings you but does no damage.
The emperor scorpion claws you but does no damage. x2
Your chain mail prevents you from hitting the emperor scorpion.
The emperor scorpion is almost dead.
* * * LOW HITPOINT WARNING * * *
You feel extremely sick. The emperor scorpion stings you!
You die...

#...###..^#.^.#....###[##.#^...#.
##..###.#####....#^..#.#^.^#...##
!#...####...#........#...####....
^#...# ###..#..##^#.###.....##...
#..## #^#^.....#^.##....#.######
#..# ##..#.^####.#..........##
#..# #...#.#^..#.<...#.#.....#
#.s####..#....##..#########..#
##...##.....^#.s@......#..#####
#≈...###.#..##...#.......##.##
#≈.≈###......†##.######......####
#y..# #^..##^#^###.#..####..##...
≈≈..# ###..###...#...##...#^#..##
≈..####...###....#...##..#....###
..^..###..####..##....#......#..#
..≈..###..#.##.#...#.##.<.###...#
≈.#...##..#..^.#...#...^####..#..


You could see an emperor scorpion.

Vanquished Creatures
  Arachne (Spider:3)
  Gastronok (Lair:2)
  Donald (Spider:4)
  3 ghost moths
  7 emperor scorpions
  An orc warlord (Orc:2)
  A reaper (Gauntlet)
  3 entropy weavers
  A minotaur (Gauntlet)
  An ettin (D:13)
  A fire dragon (D:15)
  An ice dragon (D:15)
  8 hydras
  2 boulder beetles (D:13)
  Erolcha (D:11)
  An ogre mage (D:15)
  3 centaur warriors (D:15)
  5 catoblepae
  5 death yaks (Lair:6)
  5 orc high priests (Orc:2)
  7 two-headed ogres
  Sonja (Lair:6)
  3 skeletal warriors
  A shadow wraith (D:13)
  An infernal demonspawn (Orc:2)
  A large abomination (Gauntlet)
  A torturous demonspawn (Orc:2)
  A gelid demonspawn (Orc:2)
  12 ugly things
  A wizard (D:13)
  A harpy (shapeshifter) (D:15)
  24 wolf spiders
  4 orc knights (Orc:2)
  A lindwurm (Lair:6)
  A will-o-the-wisp (Lair:3)
  2 deep elf pyromancers
  6 orc sorcerers (Orc:2)
  18 orb spiders
  A salamander (shapeshifter) (Gauntlet)
  4 manticores
  A cyclops (D:14)
  3 black mambas
  3 moths of wrath
  4 elephants (Lair:5)
  3 torpor snails
  3 gargoyles
  Maggie (Lair:1)
  An orange demon (Orc:2)
  13 cane toads
  A minotaur zombie (Gauntlet)
  A yaktaur (shapeshifter) (Gauntlet)
  A freezing wraith (D:15)
  6 komodo dragons
  3 unseen horrors
  19 demonic crawlers
  2 hellwings
  A queen bee (Lair:3)
  24 jumping spiders
  A meliai (shapeshifter) (D:13)
  2 hornets
  4 trolls
  A polar bear (Lair:2)
  Prince Ribbit (D:7)
  5 slime creatures (D:13)
  32 blink frogs
  9 dream sheep
  2 shadows
  86 redbacks
  A ynoxinul (Orc:2)
  38 tarantellas
  3 wraiths
  A human (D:9)
  70 yaks
  5 basilisks
  A human (shapeshifter) (D:8)
  A basilisk (shapeshifter) (Gauntlet)
  A chaos spawn (Orc:2)
  4 hogs (D:8)
  6 vampire mosquitoes
  A steam dragon (D:6)
  Menkaure (D:5)
  A warg (Orc:1)
  2 acid dragons
  12 water moccasins
  33 orc warriors
  A black bear (D:6)
  2 ice beasts
  A black bear (shapeshifter) (Gauntlet)
  6 necrophages
  8 ogres
  10 centaurs
  13 wolves
  A phantom (D:5)
  A kobold brigand (D:9)
  5 small abominations (Gauntlet)
  11 bullfrogs
  3 scorpions
  A wyvern skeleton (D:7)
  A water moccasin skeleton (D:4)
  31 killer bees
  16 wights
  An electric eel (Lair:5)
  6 hounds
  A bullfrog zombie (D:7)
  2 centaur zombies
  2 centaur skeletons
  A gnoll shaman (D:4)
  4 jellies
  26 orc priests
  2 iguanas (D:5)
  22 orc wizards
  A polar bear simulacrum (IceCv)
  A wolf simulacrum (IceCv)
  2 hound skeletons (D:4)
  9 adders
  6 gnolls
  A howler monkey skeleton (D:6)
  2 shadow imps
  A white imp (D:6)
  2 worms
  A dart slug (D:1)
  72 orcs
  A bat (D:2)
  14 endoplasms
  5 giant cockroaches
  10 goblins
  7 hobgoblins
  A quokka (D:5)
  4 ball pythons
  6 frilled lizards
  13 kobolds
  5 rats
  A pillar of salt (Gauntlet)
900 creatures vanquished.

Vanquished Creatures (others)
  A demonic crawler (Spider:1)
  19 demonic plants (Gauntlet)
  2 foxfires (Lair:3)
  36 fungi
  A pillar of salt (Gauntlet)
  51 plants
  6 withered plants (Lair:1)
116 creatures vanquished.

Grand Total: 1016 creatures vanquished

Notes
Turn   | Place    | Note
-------+----------+-------------------------------------------
     0 | D:1      | belegose the Palentonga Fighter began the quest for the
                  | Orb.
     0 | D:1      | Reached XP level 1. HP: 19/19 MP: 1/1
   257 | D:1      | Reached XP level 2. HP: 25/25 MP: 2/2
   823 | D:1      | Found a faded altar of an unknown god.
   878 | D:1      | Identified the +2 ring mail "Xeong" {rElec rF- Int+3}
   884 | D:1      | Reached XP level 3. HP: 31/31 MP: 3/3
  1557 | D:2      | Reached XP level 4. HP: 25/37 MP: 4/4
  2782 | D:3      | Reached skill level 1 in Throwing
  2999 | D:4      | Noticed an ogre
  3342 | D:3      | Reached XP level 5. HP: 32/44 MP: 5/5
  3788 | D:3      | HP: 2/44 [scorpion (6)]
  3797 | D:3      | Reached XP level 6. HP: 16/51 MP: 6/6
  4775 | D:4      | Found a shadowy altar of Dithmenos.
  4835 | D:4      | Found a glowing silver altar of Zin.
  4868 | D:4      | Became a worshipper of Zin the Law-Giver
  4868 | D:4      | Reached * piety under Zin
  4919 | D:4      | Found an opulent altar of Gozag.
  5185 | D:5      | Entered Level 5 of the Dungeon
  5268 | D:5      | Gained mutation: You curl defensively after being hit.
                  | [Palentonga growth]
  5268 | D:5      | Reached XP level 7. HP: 56/58 MP: 7/7
  5472 | D:5      | Reached skill level 1 in Invocations
  5623 | D:5      | Noticed Menkaure
  5701 | D:5      | Killed Menkaure
  6094 | D:5      | Reached skill level 5 in Fighting
  6267 | D:5      | Reached XP level 8. HP: 50/66 MP: 9/9
  6295 | D:5      | Identified the +1 chain mail of a Hundred Servitors {Int+9
                  | Dex-3}
  6465 | D:5      | Reached ** piety under Zin
  6688 | D:5      | Found a burning altar of Makhleb.
  7115 | D:6      | Found a staircase to the Ecumenical Temple.
  7121 | Temple   | Entered the Ecumenical Temple
  7172 | D:6      | Found Numojy Cevui's Armour Shoppe.
  7735 | D:6      | Reached skill level 5 in Axes
  8205 | D:7      | Found a radiant altar of Vehumet.
  8573 | D:7      | Reached skill level 1 in Evocations
  8573 | D:7      | Reached XP level 9. HP: 65/72 MP: 11/11
  8703 | D:7      | Reached skill level 5 in Armour
  8910 | D:7      | Reached *** piety under Zin
  8947 | D:7      | Reached skill level 5 in Shields
  9064 | D:7      | Noticed Prince Ribbit
  9073 | D:7      | Killed Prince Ribbit
 10914 | D:8      | Found an ancient bone altar of Kikubaaqudgha.
 11019 | D:8      | Noticed a rakshasa
 11400 | D:9      | Reached skill level 5 in Invocations
 11475 | D:9      | Identified the +0 kite shield of Mysticism {Int+4}
 11495 | D:9      | Found Itahen's Weapon Shoppe.
 11498 | D:9      | Found a staircase to the Orcish Mines.
 11498 | D:9      | Found Zibbavac's Armour Shoppe.
 11532 | D:9      | Reached **** piety under Zin
 11558 | D:9      | Noticed an orb spider
 11567 | D:9      | Noticed a rime drake
 11567 | D:9      | an orb spider changed into a rime drake
 11575 | D:9      | a rime drake changed into a sky beast
 11636 | D:8      | Reached XP level 10. HP: 77/82 MP: 13/13
 11840 | D:9      | Found a hide-covered altar of Uskayaw.
 11853 | D:9      | Found a snail-covered altar of Cheibriados.
 11990 | D:9      | Found a shimmering blue altar of Sif Muna.
 12310 | D:9      | Found a hazy altar of Hepliaklqana.
 12400 | D:9      | Found a sacrificial altar of Ru.
 12527 | D:10     | Entered Level 10 of the Dungeon
 12534 | D:10     | Found a flagged portal.
 12556 | Bailey   | Entered a bailey
 12800 | D:10     | Found a glowing golden altar of the Shining One.
 12882 | D:10     | Found a broken altar of Ashenzari.
 13211 | D:10     | Noticed a two-headed ogre
 13241 | D:10     | Killed a two-headed ogre
 13242 | D:10     | Reached XP level 11. HP: 89/89 MP: 15/15
 13609 | D:11     | Reached skill level 5 in Throwing
 13838 | D:11     | Noticed Erolcha
 13845 | D:11     | Killed Erolcha
 14187 | D:11     | Found a white marble altar of Elyvilon.
 14207 | D:11     | Identified a scroll of acquirement
 14211 | D:11     | Acquired the +6 broad axe of Abomination {flame, rElec rC+
                  | Dex+4}
 14319 | D:11     | Found a staircase to the Lair.
 14651 | D:11     | Reached ***** piety under Zin
 14672 | D:11     | Found a portal to a secret trove of treasure.
 14836 | Lair:1   | Entered Level 1 of the Lair of Beasts
 14896 | D:11     | Reached skill level 5 in Evocations
 15093 | Lair:1   | Reached skill level 1 in Dodging
 15175 | Lair:1   | Noticed Maggie
 15202 | Lair:1   | Killed Maggie
 15558 | Lair:1   | Found a runed translucent gate.
 15558 | Lair:1   | Found a runed translucent gate.
 15558 | Lair:1   | Found a runed translucent gate.
 15559 | Lair:1   | Noticed pentaflop's ghost (journeyman SpEn)
 15561 | Lair:1   | Noticed scisormetimb3rs's ghost (journeyman GrFi)
 15880 | Lair:2   | Found a frozen archway.
 15889 | IceCv    | Entered an ice cave
 15889 | IceCv    | Noticed a white ugly thing
 15891 | IceCv    | Found a transporter.
 15897 | IceCv    | Killed a white ugly thing
 15898 | IceCv    | Reached XP level 12. HP: 94/100 MP: 17/17
 15906 | IceCv    | Reached ****** piety under Zin
 15912 | IceCv    | Found a transporter.
 16146 | Lair:2   | Noticed Gastronok
 16181 | Lair:2   | Killed Gastronok
 16209 | Lair:2   | Noticed a five-headed hydra
 16220 | Lair:2   | Killed a one-headed hydra
 16855 | Lair:3   | Found a staircase to the Swamp.
 17269 | Lair:3   | Identified the +1 plate armour of Gestures {SInv}
 17279 | Lair:3   | Found a hole to the Spider Nest.
 17844 | Lair:3   | Noticed a four-headed hydra
 17854 | Lair:3   | Killed a one-headed hydra
 18429 | Lair:4   | Noticed a six-headed hydra
 18482 | Lair:4   | Reached XP level 13. HP: 108/108 MP: 19/19
 19483 | Lair:5   | Found a staircase to the Slime Pits.
 19854 | Lair:6   | Entered Level 6 of the Lair of Beasts
 19939 | Slime:1  | Entered Level 1 of the Pits of Slime
 19939 | Slime:1  | Noticed a quicksilver ooze
 20081 | Lair:6   | Noticed Sonja
 20283 | Lair:6   | Killed Sonja
 20445 | Lair:6   | Reached skill level 10 in Fighting
 20751 | Lair:6   | Reached skill level 5 in Dodging
 20960 | Lair:6   | Reached skill level 10 in Invocations
 20960 | Lair:6   | Reached XP level 14. HP: 98/117 MP: 21/21
 21289 | Lair:6   | Reached skill level 10 in Axes
 22278 | Orc:1    | Entered Level 1 of the Orcish Mines
 22403 | Orc:1    | Found Hauger's Gadget Gallery.
 22591 | Orc:1    | Found Uxoddueb's Antique Armour Shop.
 22989 | Orc:2    | Entered Level 2 of the Orcish Mines
 23114 | Orc:2    | Noticed an orc warlord
 23228 | Orc:2    | Found a staircase to the Elven Halls.
 23328 | Orc:2    | Killed an orc warlord
 23562 | Orc:2    | Found Xica's Antique Weapon Boutique.
 23783 | Orc:2    | Found Fauc Diumia's Magic Scroll Shoppe.
 23886 | Orc:2    | Found Tengeon's Distillery.
 24391 | Orc:2    | Found Pyulog's Book Shop.
 24391 | Orc:2    | Found Mexziriwk's Antique Weapon Boutique.
 24392 | Orc:2    | Found a one-way gate leading to the halls of Pandemonium.
 24823 | Orc:2    | Bought a potion of invisibility for 120 gold pieces
 24823 | Orc:2    | Bought a potion of curing for 45 gold pieces
 24823 | Orc:2    | Bought 2 potions of curing for 90 gold pieces
 24823 | Orc:2    | Bought 2 potions of heal wounds for 150 gold pieces
 24823 | Orc:2    | Bought a potion of heal wounds for 75 gold pieces
 24823 | Orc:2    | Bought a potion of heal wounds for 75 gold pieces
 24825 | Orc:2    | Bought a scroll of blinking for 97 gold pieces
 24825 | Orc:2    | Bought a scroll of magic mapping for 45 gold pieces
 25596 | D:12     | Reached XP level 15. HP: 122/126 MP: 23/23
 25630 | D:12     | Found an iron altar of Okawaru.
 25794 | D:13     | Found a broken altar of Ashenzari.
 26520 | D:13     | Found a gate to the Vaults.
 26900 | D:14     | Noticed a sphinx
 26901 | D:14     | Noticed Ponit's ghost (journeyman DECj)
 26903 | D:14     | Found a transporter.
 26913 | D:14     | Found a gate leading to a gauntlet.
 26922 | Gauntlet | Entered a Gauntlet
 26922 | Gauntlet | Found a transporter.
 26922 | Gauntlet | Found a transporter.
 26922 | Gauntlet | Found a transporter.
 26942 | Gauntlet | Found a transporter.
 26952 | Gauntlet | Found a transporter.
 26956 | Gauntlet | Found a transporter.
 26966 | Gauntlet | Found a transporter.
 26987 | Gauntlet | Found a transporter.
 27004 | Gauntlet | Found a transporter.
 27008 | Gauntlet | Found a transporter.
 27018 | Gauntlet | Found a transporter.
 27022 | Gauntlet | Found a transporter.
 27438 | D:14     | Found a transporter.
 27870 | D:15     | Entered Level 15 of the Dungeon
 27886 | D:15     | Identified the +0 chain mail "Caannybb" {*Slow rPois Str-2
                  | Slay+5}
 28317 | D:15     | Found a staircase to the Depths.
 28877 | Spider:1 | Entered Level 1 of the Spider Nest
 28997 | Spider:1 | Reached skill level 10 in Shields
 29079 | Spider:1 | Found a runed translucent gate.
 29079 | Spider:1 | Found a runed translucent gate.
 29079 | Spider:1 | Found a runed translucent gate.
 29087 | Spider:1 | Noticed bnorton916's ghost (journeyman DECj)
 29473 | Spider:1 | Reached XP level 16. HP: 135/135 MP: 24/24
 30179 | Spider:2 | Identified the +1 cloak of Qottece {+Blink rCorr}
 31522 | Spider:3 | Identified Roxanne's Guide on Changing
 31522 | Spider:3 | Noticed Roxanne
 31717 | Spider:3 | Identified the +8 dire flail of Rialyo {freeze, rC++ Will++
                  | rCorr}
 31836 | Spider:3 | Reached skill level 10 in Evocations
 33112 | Spider:3 | Identified the +7 longbow "Fen Iqeh" {venom, rElec Int+3}
 33422 | Spider:4 | Entered Level 4 of the Spider Nest
 33422 | Spider:4 | Noticed Arachne
 33426 | Spider:4 | Noticed Donald
 33440 | Spider:3 | Killed Arachne
 33778 | Spider:4 | Killed Donald
 33780 | Spider:4 | Reached XP level 17. HP: 33/144 MP: 26/26
 35139 | Spider:4 | Slain by an emperor scorpion

Illustrated notes

Levels and vault maps discovered:
D:1:      beargit_arrival_diablo_church, layout_basic,
          hellmonk_ecumenical_altar_lost_god
D:2:      layout_basic
D:3:      layout_basic
D:4:      layout_cave_pools, lemuel_round_altar, mainiacjoe_overflow_alcove_4,
          mainiacjoe_overflow_catwalk
D:5:      layout_cave_pods, lightli_temple_of_fire, uniq_menkaure
D:6:      layout_basic, minmay_temple_entry_hall, serial_shops,
          nicolae_shop_behind_doors
D:7:      layout_loops_cross, vehumet_crystals, nrook_mini_vaults,
          uniq_prince_ribbit1
D:8:      layout_rooms, lemuel_tele_altar, biasface_ghost_orc_armoury
D:9:      layout_grid_maze, mainiacjoe_overflow_large_starburst,
          nicolae_sif_muna_condensation, worldfamousw_hep_ancestral_shrine,
          nicolae_ru_the_path_less_chosen, orc_david_3, grunt_livestock
D:10:     layout_rooms, mainiacjoe_overflow_boulevard,
          nicolae_tso_carved_into_rock, enter_bailey_3
D:11:     minmay_evil_eye, layout_basic, david_lair_shrubbed, enter_trove_6,
          elyvilon_altar_5, uniq_erolcha
D:12:     layout_basic, okawaru_metal_pillars_3
D:13:     layout_gridville, david_vaults_4, nicolae_ashenzari_skybound
D:14:     layout_gridville, solitary_fountain, gammafunk_ghost_arena,
          gauntlet_entry_generic
D:15:     grunt_enter_depths_hoard, layout_irregular_city,
          corexii_leaking_fountain
Temple:   corrupted_temple
Lair:1:   layout_cellular_growth, gammafunk_ghost_cemetery, grunt_megastairs_5,
          uniq_maggie
Lair:2:   beast_lair_carwin_large_2, layout_regular_city,
          portal_ice_cave_entry_pillars_1, infiniplex_staircase_pool_2,
          uniq_gastronok
Lair:3:   layout_cave_pods, minmay_swamp_entry_wisps, spider_nest_entry_webs,
          special_room [special_room_bee]
Lair:4:   layout_misc_corridors, roderic_carrion_pond, serial_bayou_shore_b
Lair:5:   layout_regular_city, nicolae_slime_entry_slimehenge,
          beast_lair_carwin_7, infiniplex_staircase_pool
Lair:6:   evilmike_catoblepas_cave, layout_regular_city,
          hangedman_lair_unloving_vines, chequers_serial_rivers_room_a,
          serial_bayou_shore_b, uniq_sonja
Spider:1: layout_spider_delve, gammafunk_ghost_necromancy, worms_lemuel
Spider:2: layout_spider_delve
Spider:3: spider_temple_joshua, uniq_roxanne
Spider:4: grunt_spider_rune_circles, nicolae_spider_webs_and_nodes,
          nicolae_spider_baby_got_redback, uniq_arachne, uniq_donald
Slime:1:  layout_caves
Orc:1:    layout_caves, serial_shops, nicolae_shop_trees, nicolae_shop_gadgets
Orc:2:    pf_orc_diabolical, layout_caves, special_room, serial_shops, shop

Skill      XL: |  1  2  3  4  5  6  7  8  9 10 11 12 13 14 15 16 |
---------------+-------------------------------------------------+-----
Throwing       | 1 2 3 4 5 6 7 8 9 |  9.6
Shields        | 3 4 5 6 7 8 9 10 | 10.9
Armour         | 3 4 5 6 7 8 9 |  9.2
Axes           | 3 4 5 6 7 8 9 10 11 12 | 12.4
Fighting       | 4 5 6 7 8 9 10 11 12 | 12.7
Invocations    | 2 3 5 6 7 8 10 11 12 | 12.9
Evocations     | 1 2 4 5 6 7 8 9 10 | 10.3
Dodging        | 1 3 5 6 |  6.0

Action                   |  1- 3 |  4- 6 |  7- 9 | 10-12 | 13-15 | 16-18 || total
-------------------------+-------+-------+-------+-------+-------+-------++-------
Melee: War axe           |   109 |   172 |   359 |    72 |       |       ||   712
       Tailslap          |    16 |    22 |    62 |   135 |   274 |   121 ||   630
       Hand axe          |       |       |       |   243 |       |       ||   243
       Broad axe         |       |       |       |   365 |  1283 |   697 ||  2345
Throw: Stone             |       |     2 |     5 |    11 |       |       ||    18
       Dart              |       |     4 |    35 |    10 |    24 |    32 ||   105
       Boomerang         |       |       |       |       |    24 |     9 ||    33
       Javelin           |       |       |       |       |       |     2 ||     2
Invok: Recite            |       |       |     2 |     1 |    18 |     7 ||    28
 Abil: Rolling Charge    |       |       |       |       |       |    11 ||    11
Evoke: Wand              |       |       |       |     4 |     5 |    20 ||    29
       Lightning rod     |       |       |       |       |     4 |     4 ||     8
  Use: Potion            |       |     1 |       |       |       |       ||     1
       Scroll            |       |       |       |    17 |    12 |     2 ||    31
 Stab: Invisible         |       |       |     2 |       |     2 |       ||     4
       Paralysed         |       |       |       |     4 |     2 |       ||     6
       Confused          |       |       |       |       |     3 |       ||     3
Armor: Scale mail        |     8 |       |       |       |       |       ||     8
       Chain mail        |    62 |   109 |   227 |       |   337 |   503 ||  1238
       Plate armour      |       |       |    11 |   237 |       |       ||   248
       Swamp dragon scal |       |       |       |   144 |   162 |       ||   306
       Crystal plate arm |       |       |       |       |   107 |       ||   107
Dodge: Dodged            |    22 |    25 |   100 |   171 |   526 |   447 ||  1291
Block: Kite shield       |    44 |    94 |   255 |   407 |   767 |   649 ||  2216
